BSA
NASSAU ROCKETS @ PLYMOUTH ROCKS
09/19/2027
 
TOP OF THE 1ST
Nassau Rockets batting - Pitching for Plymouth Rocks : RHP José López
Pitching: RHP José López
Batting: SHB Howard Parker 0-0: Ball
1-0: Foul Ball, location: 2F
1-1: Foul Ball, location: 2F
1-2: Foul Ball, location: 2F
1-2: SINGLE (Groundball, 3D)
Batting: LHB Andrew Alvarado 0-0: Ball
1-0: Ball
2-0: Ball
3-0: Called Strike
3-1: Foul Ball, location: 2F
3-2: Ground out 3-1 (Groundball, 34S)
Howard Parker to second
Batting: LHB Bob Martin 0-0: Ground out 5-3 (Groundball, 25)
Howard Parker to third
Batting: LHB Doug Thompson 0-0: Foul Ball, location: 2F
0-1: Ball
1-1: Foul Ball, location: 2F
1-2: SINGLE (Groundball, 4D)
Howard Parker scores
Batting: LHB Don Ramey 0-0: Called Strike
0-1: Ball
1-1: Called Strike
1-2: SINGLE (Line Drive, 34)
Doug Thompson to second
Runner from 2nd tries for 3rd, SAFE, throw made to third
Batting: LHB Wilson Allen 0-0: Swinging Strike
0-1: Ball
1-1: Swinging Strike
1-2: Strikes out swinging
Top of the 1st over - 1 run(s), 3 hit(s), 0 error(s), 2 left on base; Nassau 1 - Plymouth 0
BOTTOM OF THE 1ST
Plymouth Rocks batting - Pitching for Nassau Rockets : LHP Dennis Taylor
Pitching: LHP Dennis Taylor
Batting: RHB José García 0-0: Called Strike
0-1: Ground out 5-3 (Groundball, 56S)
Batting: LHB Roberto García 0-0: Ball
1-0: Called Strike
1-1: Ball
2-1: Ball
3-1: Swinging Strike
3-2: Fly out, F2 (Popup, 2L)
Batting: RHB Wilbert Rodgers 0-0: Called Strike
0-1: SINGLE (Groundball, 56D)
Batting: LHB Roy Patrick 0-0: Ball
1-0: Foul Ball, location: 2F
1-1: Foul Ball, location: 2F
1-2: Ball
2-2: Foul Ball, location: 2F
2-2: Fly out, F8 (Flyball, 8LM)
Bottom of the 1st over - 0 run(s), 1 hit(s), 0 error(s), 1 left on base; Nassau 1 - Plymouth 0
TOP OF THE 2ND
Nassau Rockets batting - Pitching for Plymouth Rocks : RHP José López
Batting: RHB Yaichiro Sugahara 0-0: Called Strike
0-1: Foul Ball, location: 2F
0-2: Ball
1-2: Strikes out swinging
Batting: RHB Salvador Borbón 0-0: Ball
1-0: Ball
2-0: Swinging Strike
2-1: Ball
3-1: Called Strike
3-2: Strikes out swinging
Batting: RHB Pete Harvey 0-0: Ball
1-0: Ground out 6-3 (Groundball, 6)
Top of the 2nd over - 0 run(s), 0 hit(s), 0 error(s), 0 left on base; Nassau 1 - Plymouth 0
BOTTOM OF THE 2ND
Plymouth Rocks batting - Pitching for Nassau Rockets : LHP Dennis Taylor
Batting: RHB António Gonzáles 0-0: Ball
1-0: Ball
2-0: Foul Ball, location: 2F
2-1: Called Strike
2-2: Foul Ball, location: 2F
2-2: Ball
3-2: Ground out 4-3 (Groundball, 4)
Batting: RHB Víctor Chávez 0-0: Ball
1-0: Called Strike
1-1: Called Strike
1-2: SINGLE (Groundball, 4S) (infield hit)
Batting: RHB Tadakuni Sugiyama 0-0: Ball
1-0: Foul Ball, location: 2F
1-1: Swinging Strike
1-2: SINGLE (Groundball, 56D)
Víctor Chávez to second
Batting: RHB Taylor McFarland 0-0: Foul Ball, location: 2F
0-1: Foul Ball, location: 2F
0-2: Ball
1-2: SINGLE (Groundball, 56D)
Víctor Chávez to third
Tadakuni Sugiyama to second
Runner from 3rd tries for Home, SAFE, no throw
Batting: LHB Barrett Waters 0-0: Ball
1-0: Ball
2-0: Called Strike
2-1: Grounds into double play, 4-6-3 (Groundball, 4)
Bottom of the 2nd over - 1 run(s), 3 hit(s), 0 error(s), 1 left on base; Nassau 1 - Plymouth 1
TOP OF THE 3RD
Nassau Rockets batting - Pitching for Plymouth Rocks : RHP José López
Batting: SHB Howard Parker 0-0: Ball
1-0: Foul Ball, location: 2F
1-1: Ball
2-1: Fly out, F6 (Line Drive, 6)
Batting: LHB Andrew Alvarado 0-0: Ball
1-0: Foul Ball, location: 2F
1-1: Foul Ball, location: 2F
1-2: SINGLE (Groundball, 56D)
Batting: LHB Bob Martin 0-0: Ball
1-0: Swinging Strike
1-1: Ball
2-1: Grounds into double play, 6-4-3 (Groundball, 6)
Top of the 3rd over - 0 run(s), 1 hit(s), 0 error(s), 0 left on base; Nassau 1 - Plymouth 1
BOTTOM OF THE 3RD
Plymouth Rocks batting - Pitching for Nassau Rockets : LHP Dennis Taylor
Batting: RHB José García 0-0: Foul Ball, location: 2F
0-1: Ball
1-1: SINGLE (Groundball, 56D)
Batting: LHB Roberto García 0-0: Ball
1-0: Ball
2-0: Foul Ball, location: 2F
2-1: Ball
3-1: Base on Balls
José García to second
Batting: RHB Wilbert Rodgers 0-0: Ball
1-0: Foul Ball, location: 2F
1-1: SINGLE (Line Drive, 7LS)
José García to third
Roberto García to second
Batting: LHB Roy Patrick 0-0: Called Strike
0-1: Foul Ball, location: 2F
0-2: Ball
1-2: Foul Ball, location: 2F
1-2: SINGLE (Groundball, 6MD)
José García scores
Roberto García to third
Wilbert Rodgers to second
Batting: RHB António Gonzáles 0-0: Grounds into double play, 6-4-3 (Groundball, 6)
Roberto García scores
Wilbert Rodgers to third
Batting: RHB Víctor Chávez 0-0: Ball
1-0: Ball
2-0: Called Strike
2-1: Ball
3-1: Foul Ball, location: 2F
3-2: SINGLE (Line Drive, 8LS)
Wilbert Rodgers scores
Batting: RHB Tadakuni Sugiyama 0-0: Fielders Choice at 2nd, 4-6 (Groundball, 4)
Bottom of the 3rd over - 3 run(s), 4 hit(s), 0 error(s), 0 left on base; Nassau 1 - Plymouth 4
TOP OF THE 4TH
Nassau Rockets batting - Pitching for Plymouth Rocks : RHP José López
Batting: LHB Doug Thompson 0-0: Called Strike
0-1: Ball
1-1: Swinging Strike
1-2: Foul Ball, location: 2F
1-2: Ball
2-2: Ball
3-2: Foul Ball, location: 2F
3-2: Strikes out looking
Batting: LHB Don Ramey 0-0: Foul Ball, location: 2F
0-1: Swinging Strike
0-2: DOUBLE (Flyball, 78XD)
Batting: LHB Wilson Allen 0-0: Called Strike
0-1: Called Strike
0-2: Ball
1-2: Foul Ball, location: 2F
1-2: Ball
2-2: Foul Ball, location: 2F
2-2: Foul Ball, location: 2F
2-2: Strikes out swinging
Batting: RHB Yaichiro Sugahara 0-0: Foul Ball, location: 2F
0-1: Foul Ball, location: 2F
0-2: Strikes out swinging
Top of the 4th over - 0 run(s), 1 hit(s), 0 error(s), 1 left on base; Nassau 1 - Plymouth 4
BOTTOM OF THE 4TH
Plymouth Rocks batting - Pitching for Nassau Rockets : LHP Dennis Taylor
Batting: RHB Taylor McFarland 0-0: Ball
1-0: Fly out, F8 (Flyball, 8LM)
Batting: LHB Barrett Waters 0-0: Ball
1-0: Ball
2-0: Called Strike
2-1: Foul Ball, location: 2F
2-2: Foul Ball, location: 2F
2-2: Strikes out looking
Batting: RHB José García 0-0: Called Strike
0-1: Ground out 6-3 (Groundball, 56)
Bottom of the 4th over - 0 run(s), 0 hit(s), 0 error(s), 0 left on base; Nassau 1 - Plymouth 4
TOP OF THE 5TH
Nassau Rockets batting - Pitching for Plymouth Rocks : RHP José López
Batting: RHB Salvador Borbón 0-0: Ball
1-0: Foul Ball, location: 2F
1-1: Foul Ball, location: 2F
1-2: Ball
2-2: Ball
3-2: Fly out, F7 (Flyball, 7S)
Batting: RHB Pete Harvey 0-0: Ground out 6-3 (Groundball, 56)
Batting: SHB Howard Parker 0-0: Ball
1-0: Foul Ball, location: 2F
1-1: Foul Ball, location: 2F
1-2: Foul Ball, location: 2F
1-2: SINGLE (Groundball, 34D)
Batting: LHB Andrew Alvarado 0-0: Ball
1-0: Swinging Strike
1-1: Ball
2-1: Foul Ball, location: 2F
2-2: Foul Ball, location: 2F
2-2: Foul Ball, location: 2F
2-2: Strikes out swinging
Top of the 5th over - 0 run(s), 1 hit(s), 0 error(s), 1 left on base; Nassau 1 - Plymouth 4
BOTTOM OF THE 5TH
Plymouth Rocks batting - Pitching for Nassau Rockets : LHP Dennis Taylor
Batting: LHB Roberto García 0-0: Foul Ball, location: 2F
0-1: SINGLE (Line Drive, 4M)
Batting: RHB Wilbert Rodgers 0-0: 2-RUN HOME RUN (Flyball, 7D), Distance : 415 ft
Pitching: RHP Jason Drake
Batting: LHB Roy Patrick 0-0: Ball
1-0: Ball
2-0: Foul Ball, location: 2F
2-1: Foul Ball, location: 2F
2-2: Reached on error, E3 (Groundball, 34)
Batting: RHB António Gonzáles 0-0: Ball
1-0: Ground out 5-3 (Groundball, 56S)
Roy Patrick to second
Batting: RHB Víctor Chávez 0-0: Ball
1-0: Ball
2-0: SINGLE (Line Drive, 6MD)
Roy Patrick to third
Batting: RHB Tadakuni Sugiyama 0-0: Ball
1-0: Called Strike
1-1: Called Strike
1-2: Foul Ball, location: 2F
1-2: Strikes out swinging
Batting: RHB Taylor McFarland 0-0: Ball
1-0: Ball
2-0: Called Strike
2-1: Foul Ball, location: 2F
2-2: Foul Ball, location: 2F
2-2: Foul Ball, location: 2F
2-2: Ball
3-2: Base on Balls
Víctor Chávez to second
Batting: LHB Barrett Waters 0-0: Swinging Strike
0-1: Ball
1-1: Foul Ball, location: 2F
1-2: Ball
2-2: DOUBLE (Line Drive, 8RXD)
Roy Patrick scores
Víctor Chávez scores
Taylor McFarland to third
Batting: RHB José García 0-0: Ball
1-0: Called Strike
1-1: Swinging Strike
1-2: Fly out, F6 (Popup, 56D)
Bottom of the 5th over - 4 run(s), 4 hit(s), 1 error(s), 2 left on base; Nassau 1 - Plymouth 8
TOP OF THE 6TH
Nassau Rockets batting - Pitching for Plymouth Rocks : RHP José López
Batting: LHB Bob Martin 0-0: Swinging Strike
0-1: Foul Ball, location: 2F
0-2: DOUBLE (Line Drive, 9LS)
Pitching: RHP Lorenzo Aguilar
Batting: LHB Doug Thompson 0-0: Called Strike
0-1: Called Strike
0-2: Ball
1-2: SINGLE (Groundball, 4MD)
Bob Martin to third
Batting: LHB Don Ramey 0-0: Fielders Choice at 2nd, 3-6 (Groundball, 34)
Bob Martin scores
Batting: LHB Wilson Allen 0-0: Ball
1-0: Swinging Strike
1-1: Swinging Strike
1-2: Ball
2-2: Strikes out swinging
Batting: RHB Yaichiro Sugahara 0-0: Ball
1-0: Called Strike
1-1: Foul Ball, location: 2F
1-2: Strikes out swinging
Top of the 6th over - 1 run(s), 2 hit(s), 0 error(s), 1 left on base; Nassau 2 - Plymouth 8
BOTTOM OF THE 6TH
Plymouth Rocks batting - Pitching for Nassau Rockets : RHP Jason Drake
Batting: LHB Roberto García 0-0: Ball
1-0: Ball
2-0: Ball
3-0: Base on Balls
Batting: RHB Wilbert Rodgers 0-0: Called Strike
0-1: Foul Ball, location: 2F
0-2: Ball
1-2: Ball
Wild Pitch!
Roberto García to second
2-2: Foul Ball, location: 2F
2-2: Ground out 5-3 (Groundball, 56)
Batting: LHB Roy Patrick 0-0: Swinging Strike
0-1: Called Strike
0-2: Foul Ball, location: 2F
0-2: Strikes out swinging
Batting: RHB António Gonzáles 0-0: Ball
1-0: Ball
2-0: Ball
3-0: Called Strike
3-1: Base on Balls
Batting: RHB Víctor Chávez 0-0: Ball
1-0: Fielders Choice at 2nd, 6-4 (Groundball, 6)
Bottom of the 6th over - 0 run(s), 0 hit(s), 0 error(s), 1 left on base; Nassau 2 - Plymouth 8
TOP OF THE 7TH
Nassau Rockets batting - Pitching for Plymouth Rocks : RHP Lorenzo Aguilar
Batting: RHB Salvador Borbón 0-0: Ball
1-0: Ball
2-0: Foul Ball, location: 2F
2-1: Fly out, F6 (Line Drive, 6D)
Batting: RHB Pete Harvey 0-0: Swinging Strike
0-1: Swinging Strike
0-2: Strikes out looking
Batting: SHB Howard Parker 0-0: Called Strike
0-1: Ball
1-1: Foul Ball, location: 2F
1-2: Foul Ball, location: 2F
1-2: Ball
2-2: Foul Ball, location: 2F
2-2: Ball
3-2: Foul Ball, location: 2F
3-2: Foul Ball, location: 2F
3-2: Foul Ball, location: 2F
3-2: Fly out, F7 (Flyball, 7S)
Top of the 7th over - 0 run(s), 0 hit(s), 0 error(s), 0 left on base; Nassau 2 - Plymouth 8
BOTTOM OF THE 7TH
Plymouth Rocks batting - Pitching for Nassau Rockets : RHP Jason Drake
Pitching: LHP Gianluigi Ciottone
Batting: RHB Tadakuni Sugiyama 0-0: Ball
1-0: Foul Ball, location: 2F
1-1: Called Strike
1-2: Strikes out swinging
Batting: RHB Taylor McFarland 0-0: Ball
1-0: Ball
2-0: Foul Ball, location: 2F
2-1: Called Strike
2-2: Ball
3-2: Foul Ball, location: 2F
3-2: Fly out, F7 (Flyball, 7LM)
Batting: LHB Barrett Waters 0-0: Called Strike
0-1: Ball
1-1: Fly out, F7 (Flyball, 7D)
Bottom of the 7th over - 0 run(s), 0 hit(s), 0 error(s), 0 left on base; Nassau 2 - Plymouth 8
TOP OF THE 8TH
Nassau Rockets batting - Pitching for Plymouth Rocks : RHP Lorenzo Aguilar
Batting: LHB Andrew Alvarado 0-0: Called Strike
0-1: Ball
1-1: Foul Ball, location: 2F
1-2: Foul Ball, location: 2F
1-2: Foul Ball, location: 2F
1-2: Ball
2-2: Ball
3-2: Ground out 6-3 (Groundball, 6)
Batting: LHB Bob Martin 0-0: Called Strike
0-1: Called Strike
0-2: DOUBLE (Line Drive, 9LM)
Batting: LHB Doug Thompson 0-0: Called Strike
0-1: Called Strike
0-2: Ball
1-2: Strikes out swinging
Batting: LHB Don Ramey 0-0: Called Strike
0-1: Foul Ball, location: 2F
0-2: Fly out, F9 (Line Drive, 9)
Top of the 8th over - 0 run(s), 1 hit(s), 0 error(s), 1 left on base; Nassau 2 - Plymouth 8
BOTTOM OF THE 8TH
Plymouth Rocks batting - Pitching for Nassau Rockets : LHP Gianluigi Ciottone
Batting: RHB José García 0-0: Ball
1-0: Swinging Strike
1-1: Ball
2-1: Ground out 6-3 (Groundball, 6)
Batting: LHB Roberto García 0-0: Called Strike
0-1: Called Strike
0-2: Ball
1-2: Ball
2-2: Fly out, F7 (Flyball, 78XD)
Batting: RHB Wilbert Rodgers 0-0: Called Strike
0-1: Called Strike
0-2: Ball
1-2: Fly out, F4 (Popup, 4)
Bottom of the 8th over - 0 run(s), 0 hit(s), 0 error(s), 0 left on base; Nassau 2 - Plymouth 8
TOP OF THE 9TH
Nassau Rockets batting - Pitching for Plymouth Rocks : RHP Lorenzo Aguilar
Batting: LHB Wilson Allen 0-0: Swinging Strike
0-1: Ball
1-1: Ground out 4-3 (Groundball, 4)
Pitching: RHP Scot MacIntosh
Batting: RHB Yaichiro Sugahara 0-0: Fly out, F7 (Line Drive, 7)
Batting: RHB Salvador Borbón 0-0: Ground out 5-3 (Groundball, 56S)
Top of the 9th over - 0 run(s), 0 hit(s), 0 error(s), 0 left on base; Nassau 2 - Plymouth 8
Thursday, March 30th, 2017 - OOTP Baseball 17.12 Build 75